 Dungeon Crawl Stone Soup version 0.29.1-2-gbd0b4ee654 (webtiles) character file.

Game seed: 7521894479294723613

3525 Ivernyr the Frost Mage (level 10, 0/91 HPs)
             Began as a Naga Ice Elementalist on Nov 2, 2022.
             Slain by a gnoll sergeant
             ... wielding a +3 spear of venom
              (8 damage)
             ... on level 8 of the Dungeon.
             The game lasted 00:22:57 (8052 turns).

Ivernyr the Frost Mage (Naga Ice Elementalist)      Turns: 8052, Time: 00:22:57

Health: 0/91       AC: 14    Str: 11    XL:     10   Next: 8%
Magic:  14/19      EV: 11    Int: 20    God:
Gold:   351        SH:  0    Dex: 11    Spells: 10/21 levels left

rFire   . . .      SeeInvis +   s - +2 dagger (elec)
rCold   . . .      Faith    .   (no shield)
rNeg    . . .      Spirit   .   a - +1 robe {Will+}
rPois   +          Reflect  .   (no helmet)
rElec   .          Harm     .   (no cloak)
rCorr   .          Rampage  .   v - +0 pair of gloves
Will    +++..                   (no barding)
Stlth   ++........              n - amulet of regeneration
HPRegen 1.05/turn               t - ring of willpower
MPRegen 0.16/turn               (no ring)

@: lethally poisoned (0 -> 0), ice-armoured, short of breath, freezing walls,
very slow
A: AC +3, large, see invisible, deformed body, poison resistance, slowness 2,
spit poison 1, naga tail 1
a: Spit Poison


You were on level 8 of the Dungeon.
You visited 2 branches of the dungeon, and saw 9 of its levels.

You collected 351 gold pieces.

Inventory:

Hand Weapons
 s - a +2 dagger of electrocution (weapon)
Armour
 a - a +1 robe of willpower (worn)
 v - a +0 pair of gloves (worn)
Jewellery
 n - an amulet of regeneration (around neck)
 t - a ring of willpower (left hand)
Wands
 k - a wand of roots (17)
 w - a wand of paralysis (15)
Scrolls
 d - 2 scrolls of fog {unknown}
 i - a scroll of magic mapping {unknown}
 j - a scroll of immolation {unknown}
 m - 5 scrolls of fear {unknown}
 o - 2 scrolls of blinking {unknown}
 p - 4 scrolls of identify {unknown}
 r - 2 scrolls of enchant armour {unknown}
 u - 2 scrolls of enchant weapon {unknown}
 y - a scroll of poison {unknown}
 A - 3 scrolls of noise {unknown}
Potions
 b - a potion of magic
 c - 2 potions of cancellation {unknown}
 e - 4 potions of heal wounds {unknown}
 f - a potion of haste {unknown}
 g - a potion of invisibility {unknown}
 h - 4 potions of curing {unknown}
 l - a potion of might {unknown}
 q - a potion of lignification {unknown}
 x - a potion of degeneration {unknown}
 z - a potion of attraction {unknown}


   Skills:
 + Level 6.1 Fighting
 + Level 5.4 Dodging
 - Level 3.0 Stealth
 + Level 6.1 Spellcasting
 * Level 9.8 Ice Magic


You had 10 spell levels left.
You knew the following spells:

 Your Spells              Type           Power      Damage    Failure   Level
a - Freeze                Ice            100%       1d11      1%          1
b - Frozen Ramparts       Ice            90%        1d14      1%          3
c - Ozocubu's Armour      Ice            45%        N/A       1%          3
d - Hailstorm             Conj/Ice       25%        3d7       14%         4

Your spell library contained the following spells:

 Spells                   Type           Power      Damage    Failure   Level
 Ensorcelled Hibernation  Hex/Ice        50%        N/A       1%          2
 Apportation              Tloc           12%        N/A       11%         1
 Foxfire                  Conj/Fire      24%        2x1d5     11%         1
 Passwall                 Tmut/Erth      5%         N/A       16%         2
 Poisonous Vapours        Pois/Air       12%        N/A       16%         2
 Scorch                   Fire           12%        2d6       16%         2
 Conjure Flame            Conj/Fire      6%         6-21      30%         3
 Inner Flame              Hex/Fire       6%         N/A       30%         3
 Lesser Beckoning         Tloc           6%         N/A       30%         3
 Swiftness                Air            6%         N/A       30%         3
 Metabolic Englaciation   Hex/Ice        12%        N/A       36%         5
 Corpse Rot               Necr/Pois/Air  6%         N/A       71%         4
 Flame Wave               Conj/Fire      6%         2d5       71%         4
 Petrify                  Tmut/Erth      6%         N/A       71%         4
 Alistair's Intoxication  Tmut/Pois      4%         N/A       96%         5
 Statue Form              Tmut/Erth      4%         N/A       100%        6


Dungeon Overview and Level Annotations

Branches:
Dungeon (8/15)             Temple (1/1) D:5
   Lair: D:8-11

Altars:
Ashenzari
Elyvilon
Fedhas
Hepliaklqana
Kikubaaqudgha
Makhleb
Sif Muna
Vehumet
Xom
Zin
The Shining One

Shops:
D:4 (


Innate Abilities, Weirdness & Mutations

Your serpentine skin is tough. (AC +3)
You have supernaturally acute eyesight. (SInv)
Armour fits poorly on your strangely shaped body.
Your system is resistant to poisons. (rPois)
You cover ground very slowly.
You can spit poison.
You have a snake-like lower body.


Message History

Casting: Ozocubu's Armour (safe; 1% risk of failure)
Confirm with . or Enter, or press ? or * to list all spells.
You don't know that spell.
Casting: Ozocubu's Armour (safe; 1% risk of failure)
Confirm with . or Enter, or press ? or * to list all spells.
Casting: Frozen Ramparts (safe; 1% risk of failure)
Press: ? - help, Dir - look around, f - activate The walls around you are covered in ice.
You feel sick.
The wall freezes the gnoll sergeant.
The gnoll sergeant hits you from afar with a +3 spear of venom!
The wall freezes the gnoll sergeant.
The gnoll sergeant closely misses you.
A gnoll comes into view. It is wielding a +0 halberd.
Aiming: Spit Poison (1% risk of failure)
Press: ? - help, Shift-Dir - straight line, f - gnoll sergeant
Aim: a gnoll sergeant, wielding a +3 spear of venom, wearing a +0 scale mail and wearing a +0 buckler (moderately wounded, berserk, poisoned, 74% to hit)
The splash of poison hits the gnoll sergeant but does no damage.
The gnoll sergeant looks even sicker.
The gnoll sergeant is moderately wounded.
You feel sick.
The wall freezes the gnoll sergeant.
The gnoll sergeant closely misses you.
You feel sick.
The wall freezes the gnoll sergeant!
The gnoll sergeant hits you from afar with a +3 spear of venom.
The wall freezes the gnoll sergeant.
The gnoll sergeant hits you from afar with a +3 spear of venom.
You feel sick.
The wall freezes the gnoll sergeant.
The gnoll sergeant hits you but does no damage.
The wall freezes the gnoll.
The gnoll hits you but does no damage.
You feel sick.
The wall freezes the gnoll sergeant but does no damage.
The gnoll sergeant hits you from afar with a +3 spear of venom!
* * * LOW HITPOINT WARNING * * *
The wall freezes the gnoll sergeant.
The gnoll sergeant hits you from afar with a +3 spear of venom!
* * * LOW HITPOINT WARNING * * *
The wall freezes the gnoll!
You kill the gnoll!
You feel sick.
The wall freezes the gnoll sergeant but does no damage.
The gnoll sergeant hits you from afar with a +3 spear of venom!
You die...

#####..........#####...#..
...............##.........
#####)####.....##.........
#.# ##.....##.........
#.###..#.####.........
#####.##..##.# ##.g.....?.
.........##..# #g).#.#.###
....)....##.####.### #
.........##.###.@#
........###.#...##
.<......# #.#.###
........# #.#.# ........#
#.#.# ........# #.#.#
###########...# #..###
#.##


You could see a gnoll sergeant (berserk, poisoned) and a gnoll.

Vanquished Creatures
  Pikel (D:6)
  Joseph (D:7)
  A steam dragon (D:8)
  2 water moccasins
  2 ice beasts (D:6)
  An orc warrior (D:7)
  A sky beast (D:7)
  3 ogres
  2 centaurs (D:7)
  A lemure (D:6)
  A bullfrog (D:7)
  5 scorpions
  2 necrophages (D:6)
  3 wights (D:7)
  10 killer bees (D:8)
  2 jellies (D:7)
  2 hounds
  A gnoll bouda (D:7)
  2 orc priests
  4 iguanas
  2 orc wizards
  5 gnolls
  2 adders
  2 white imps
  An ufetubus (D:7)
  A worm (D:3)
  2 dart slugs
  14 orcs
  10 endoplasms
  A giant cockroach (D:3)
  5 hobgoblins
  2 jackals (D:4)
  5 quokkas
  6 ball pythons
  6 bats
  4 frilled lizards (D:1)
  9 goblins
  14 kobolds
  3 rats
141 creatures vanquished.

Notes
Turn   | Place    | Note
-------+----------+-------------------------------------------
     0 | D:1      | Ivernyr the Naga Ice Elementalist began the quest for the
                  | Orb.
     0 | D:1      | Reached XP level 1. HP: 15/15 MP: 3/3
   148 | D:1      | Reached XP level 2. HP: 24/24 MP: 3/5
   371 | D:1      | Found a faded altar of an unknown god.
   576 | D:1      | Reached XP level 3. HP: 30/30 MP: 4/6
   599 | D:1      | Learned a level 3 spell: Frozen Ramparts
   657 | D:1      | Reached skill level 1 in Fighting
  1994 | D:3      | Noticed a scorpion
  2001 | D:3      | Killed a scorpion
  2002 | D:3      | Reached XP level 4. HP: 38/39 MP: 4/8
  2002 | D:3      | Reached XP level 5. HP: 44/45 MP: 4/9
  2077 | D:3      | Reached skill level 5 in Ice Magic
  3024 | D:4      | Noticed an ogre
  3036 | D:4      | Killed an ogre
  3037 | D:4      | Reached XP level 6. HP: 9/54 MP: 0/10
  3436 | D:4      | Found Nagoch's Antique Weapon Boutique.
  3698 | D:5      | Entered Level 5 of the Dungeon
  4010 | D:5      | Reached skill level 6 in Ice Magic
  4010 | D:5      | Reached XP level 7. HP: 61/61 MP: 10/12
  4037 | D:5      | Found a staircase to the Ecumenical Temple.
  4047 | Temple   | Entered the Ecumenical Temple
  4441 | D:5      | Got the Guide on Conflagration and Peregrination
  5146 | D:6      | Learned a level 3 spell: Ozocubu's Armour
  5437 | D:6      | Reached skill level 7 in Ice Magic
  5437 | D:6      | Reached XP level 8. HP: 72/72 MP: 10/14
  6448 | D:6      | Noticed Pikel
  6454 | D:6      | Killed Pikel
  6455 | D:6      | Reached skill level 8 in Ice Magic
  6915 | D:6      | Reached XP level 9. HP: 76/79 MP: 16/16
  6923 | D:6      | Learned a level 4 spell: Hailstorm
  6949 | D:7      | Reached skill level 5 in Spellcasting
  7126 | D:7      | Reached skill level 5 in Fighting
  7302 | D:7      | Noticed Joseph
  7348 | D:7      | Killed Joseph
  7349 | D:7      | Reached skill level 9 in Ice Magic
  7560 | D:7      | Reached skill level 5 in Dodging
  7931 | D:8      | Reached XP level 10. HP: 45/91 MP: 11/18
  8052 | D:8      | Slain by a gnoll sergeant

Illustrated notes

Levels and vault maps discovered:
D:1:      mrwooster_arrival_statue_3, layout_loops_ring,
          hellmonk_ecumenical_altar_zigzags
D:2:      cheibrodos_old_hovel, layout_loops_ring, kennysheep_doodads,
          skrybe_limestone_x, grunt_ministairs_10
D:3:      layout_basic, minivault_4
D:4:      layout_basic, serial_shops, shop
D:5:      layout_basic, minmay_temple_entry_statues_fountains
D:6:      layout_loops_corners, uniq_pikel
D:7:      layout_basic, uniq_joseph
D:8:      layout_rooms, uniq_maurice
Temple:   bh_familiar_temple

Skill      XL: |  1  2  3  4  5  6  7  8  9 10 |
---------------+-------------------------------+-----
Fighting       | 1 2 3 4 5 6 |  6.1
Dodging        | 2 3 4 5 |  5.4
Ice Magic      | 5 6 7 8 9 |  9.8
Spellcasting   | 3 4 5 6 |  6.1
Stealth        | |  3.0

Action                   |  1- 3 |  4- 6 |  7- 9 | 10-12 || total
-------------------------+-------+-------+-------+-------++-------
Melee: Unarmed           |     6 |     6 |       |       ||    12
       Dagger            |       |    18 |   201 |     9 ||   228
       Punch             |       |       |     2 |     1 ||     3
 Cast: Freeze            |    34 |    30 |    10 |       ||    74
       Frozen Ramparts   |       |     3 |    20 |     3 ||    26
       Ozocubu's Armour  |       |       |    11 |     1 ||    12
 Abil: Spit Poison       |    35 |    20 |    12 |     2 ||    69
 Stab: Sleeping          |       |       |     1 |       ||     1
Armor: Robe              |     5 |    10 |    88 |     6 ||   109
Dodge: Dodged            |    15 |    21 |   173 |     7 ||   216
